AoeStats
← Rasmuth

Lombardia

509019442Analyzed
3v3 RM · 7d ago on Sep 25, 2026· 56m 35s· 6 players
Game mode
Random Map
Map size
Normal (6 player)
Population
200
Speed
Normal
Resources
Standard
Victory
Conquest
Starting age
Dark Age
Ending age
Imperial Age
RankedLock teamsTeams togetherTeam positionsShared explorationLock speedFull tech treeHidden civsTurbo modeCheats
Victory
Defeat
🇺🇸 Mapuche · United States
1473
+9
🇨🇦 Franks · Canada
1252
+22
🇺🇸 Cumans · United States
1152
+21
🇦🇷 Franks · Argentina
1324
-17
🇺🇸 Saxons · United States
1317
-17
🇦🇷 Mongols · Argentina
1254
-14
all peacocks are the same
10:18 Feudal Age
10:43 Loom
11:46 Double-Bit Axe
13:02 Gold Mining
13:08 Gold Mining
16:46 Castle Age
15:16 Fletching
17:18 Padded Archer Armor
17:27 Bodkin Arrow
19:44 Bloodlines
24:14 Wheelbarrow
24:01 Husbandry
26:56 Horse Collar
27:19 Scale Mail Armor
28:39 Bow Saw
31:36 Ballistics
32:59 Heavy Plow
34:41 Crossbowman
35:26 Thumb Ring
38:16 Imperial Age
36:24 Chain Mail Armor
36:08 Town Watch
38:33 Pikeman
39:17 Squires
40:07 Plate Mail Armor
39:48 Forging
40:34 Elite Skirmisher
40:38 Halberdier
42:18 Iron Casting
42:45 Thumb Ring
43:17 Conscription
43:34 Bracer
44:54 Gold Shaft Mining
43:57 Arbalester
45:24 Shield Wall
49:20 Crop Rotation
48:51 Gambesons
50:28 Caravan
52:43 Coinage
GuilleGodoy95
9:28 Loom
11:20 Feudal Age
15:30 Castle Age
13:36 Double-Bit Axe
13:38 Horse Collar
17:33 Bow Saw
32:23 Wheelbarrow
32:13 Heavy Plow
34:05 Hand Cart
33:57 Fletching
34:44 Bodkin Arrow
39:45 Imperial Age
37:52 Padded Archer Armor
38:28 Ballistics
39:31 Leather Archer Armor
40:59 Conscription
41:01 Drill
40:03 Elite Mangudai
40:58 Bracer
45:05 Chemistry
44:44 Husbandry
44:55 Bloodlines
44:37 Sappers
46:56 Parthian Tactics
46:37 Thumb Ring
51:18 Light Cavalry
52:10 Forging
52:06 Scale Barding Armor
53:09 Siege Engineers
52:28 Capped Ram
54:07 Hussar
unameru
7:14 Loom
9:26 Feudal Age
10:12 Double-Bit Axe
15:02 Wheelbarrow
17:32 Castle Age
17:37 Fletching
18:56 Bow Saw
19:01 Husbandry
19:11 Husbandry
18:32 Light Cavalry
19:23 Town Watch
19:46 Town Watch
22:28 Elite Skirmisher
23:56 Sanctity
28:05 Fervor
28:52 Bodkin Arrow
29:15 Town Watch
31:44 Hand Cart
31:39 Padded Archer Armor
31:44 Scale Barding Armor
31:50 Forging
31:42 Scale Mail Armor
35:03 Imperial Age
33:03 Gold Mining
33:04 Stone Mining
33:34 Scale Barding Armor
33:39 Forging
34:22 Leather Archer Armor
34:51 Chain Barding Armor
35:48 Iron Casting
35:21 Light Cavalry
37:18 Chemistry
36:41 Ballistics
36:45 Conscription
35:57 Cavalier
36:09 Elite Throwing Axeman
37:34 Siege Engineers
38:07 Paladin
39:43 Plate Barding Armor
39:19 Chivalry
39:49 Masonry
39:21 Treadmill Crane
39:36 Murder Holes
40:44 Blast Furnace
40:55 Hoardings
45:27 Architecture
46:35 Fortified Wall
46:15 Light Cavalry
50:33 Scale Mail Armor
54:11 Chain Mail Armor
53:24 Pikeman
54:04 Squires
53:51 Arson
53:51 Gambesons
53:59 Halberdier
55:31 Plate Mail Armor
Rasmuth
3:48 Loom
11:58 Feudal Age
12:33 Double-Bit Axe
13:06 Horse Collar
21:06 Castle Age
21:05 Scale Barding Armor
21:30 Light Cavalry
22:50 Wheelbarrow
22:44 Bow Saw
25:23 Hand Cart
26:17 Forging
26:59 Heavy Plow
31:01 Iron Casting
31:36 Town Watch
38:20 Imperial Age
36:16 Bloodlines
36:30 Chain Barding Armor
36:29 Steppe Husbandry
36:42 Steppe Husbandry
37:50 Caravan
38:45 Hussar
40:01 Crop Rotation
40:37 Two-Man Saw
40:04 Conscription
40:29 Plate Barding Armor
40:25 Cavalier
42:43 Paladin
Roy
11:56 Feudal Age
12:43 Double-Bit Axe
23:22 Castle Age
21:31 Gold Mining
22:11 Stone Mining
25:18 Scale Barding Armor
25:23 Forging
27:05 Bow Saw
27:18 Loom
28:08 Wheelbarrow
29:39 Gold Shaft Mining
29:44 Chain Barding Armor
32:38 Husbandry
32:59 Hand Cart
35:36 Town Watch
40:01 Imperial Age
38:44 Town Patrol
40:17 Cavalier
41:34 Plate Barding Armor
41:34 Iron Casting
41:18 Chivalry
43:01 Paladin
46:53 Blast Furnace
47:58 Caravan
Applejack (Pleb)
7:57 Loom
10:31 Feudal Age
14:25 Castle Age
12:44 Double-Bit Axe
12:40 Horse Collar
13:32 Fletching
15:33 Bodkin Arrow
16:17 Padded Archer Armor
18:24 Bow Saw
29:17 Wheelbarrow
31:14 Gold Mining
31:24 Heavy Plow
32:17 Hand Cart
32:55 Ballistics
37:48 Imperial Age
36:22 Gold Shaft Mining
38:23 Leather Archer Armor
38:20 Elite Bolas Rider
39:02 Malon
39:25 Conscription
40:32 Butalmapu
43:06 Ring Archer Armor
43:05 Caravan
44:32 Coinage
46:12 Banking
Connection lost

Rejoining the realm…

Still unreachable

The connection could not be restored.

Session expired

The server has moved on; the page needs a fresh start.